TOP OF THE 1ST |
Port Royal Disaster batting - Pitching for Royse City Targaryens : LHP Zander Fry
|
Pitching: LHP Zander Fry
|
|
Batting: LHB Chris Whiteside
|
0-0: Swinging Strike 0-1: Foul Ball, location: 2F 0-2: Strikes out swinging
|
Batting: LHB Nelson Sanders
|
0-0: Swinging Strike 0-1: Called Strike 0-2: Strikes out looking
|
Batting: RHB Toshitsugu Sakamoto
|
0-0: Called Strike 0-1: Ball 1-1: Swinging Strike 1-2: Ground out 6-3 (Groundball, 6)
|
Top of the 1st over - 0 run(s), 0 hit(s), 0 error(s), 0 left on base; Port Royal 0 - Royse City 0 |
BOTTOM OF THE 1ST |
Royse City Targaryens batting - Pitching for Port Royal Disaster : RHP Joe Dow
|
Pitching: RHP Joe Dow
|
|
Batting: LHB John Cossey
|
0-0: Foul Ball, location: 2F 0-1: Swinging Strike 0-2: Ball 1-2: Ball 2-2: Ball 3-2: Foul Ball, location: 2F 3-2: Ground out U3 (Groundball, 3S)
|
Batting: RHB Johnny Foster
|
0-0: Ball 1-0: Ball 2-0: Swinging Strike 2-1: Bunt for hit - play at first, batter safe!
|
Batting: SHB Cedric Fields
|
0-0: Ball 1-0: Ball 2-0: Called Strike 2-1: Ball Johnny Foster steals 2nd base 3-1: Fly out, F4 (Line Drive, 4)
|
Batting: LHB Steve Riggs
|
0-0: Swinging Strike 0-1: Ball 1-1: Foul Ball, location: 2F 1-2: Ball 2-2: 2-RUN HOME RUN (Flyball, 89XD), Distance : 390 ft
|
Batting: RHB Bob Sargent
|
0-0: Foul Ball, location: 2F 0-1: Called Strike 0-2: Ball 1-2: Ball 2-2: Ball 3-2: Base on Balls
|
Batting: LHB Andrés Ibarra
|
0-0: Ball 1-0: Ball 2-0: Ball 3-0: Called Strike 3-1: Swinging Strike 3-2: Fly out, F9 (Popup, 89S)
|
Bottom of the 1st over - 2 run(s), 2 hit(s), 0 error(s), 1 left on base; Port Royal 0 - Royse City 2 |
TOP OF THE 2ND |
Port Royal Disaster batting - Pitching for Royse City Targaryens : LHP Zander Fry
|
Batting: RHB Michael Riley
|
0-0: Called Strike 0-1: Ball 1-1: Foul Ball, location: 2F 1-2: Ball 2-2: Foul Ball, location: 2F 2-2: Ball 3-2: Fly out, F6 (Popup, 6M)
|
Batting: RHB Mike Green
|
0-0: Ball 1-0: Ball 2-0: Foul Ball, location: 2F 2-1: Foul Ball, location: 2F 2-2: SINGLE (Line Drive, 8RS)
|
Batting: RHB Clement Fields
|
0-0: Swinging Strike 0-1: Ball 1-1: Fly out, F8 (Flyball, 8LD)
|
Batting: SHB Tim Moss
|
0-0: Ball 1-0: Called Strike 1-1: Called Strike 1-2: Ball 2-2: Foul Ball, location: 2F 2-2: Strikes out looking
|
Top of the 2nd over - 0 run(s), 1 hit(s), 0 error(s), 1 left on base; Port Royal 0 - Royse City 2 |
BOTTOM OF THE 2ND |
Royse City Targaryens batting - Pitching for Port Royal Disaster : RHP Joe Dow
|
Batting: RHB Andrew Weeks
|
0-0: Ball 1-0: Ball 2-0: Foul Ball, location: 2F 2-1: Fly out, F8 (Flyball, 89M)
|
Batting: RHB Thomas Vaughan
|
0-0: Ball 1-0: Ball 2-0: Ball 3-0: Called Strike 3-1: Foul Ball, location: 2F 3-2: Foul Ball, location: 2F 3-2: Strikes out swinging
|
Batting: RHB Jonathan Widdop
|
0-0: Called Strike 0-1: Ball 1-1: Reached on error, E3 (Groundball, 3)
|
Batting: LHB John Cossey
|
0-0: Called Strike 0-1: Ball 1-1: Ball 2-1: Swinging Strike 2-2: Ball 3-2: Foul Ball, location: 2F 3-2: Strikes out swinging
|
Bottom of the 2nd over - 0 run(s), 0 hit(s), 1 error(s), 1 left on base; Port Royal 0 - Royse City 2 |
TOP OF THE 3RD |
Port Royal Disaster batting - Pitching for Royse City Targaryens : LHP Zander Fry
|
Batting: RHB Wayne Rose
|
0-0: Called Strike 0-1: Foul Ball, location: 2F 0-2: SINGLE (Line Drive, 56D)
|
Batting: RHB Brian Olivares
|
0-0: Called Strike 0-1: Foul Ball, location: 2F 0-2: Strikes out swinging
|
Batting: LHB Chris Whiteside
|
0-0: Foul Ball, location: 2F 0-1: Ball 1-1: 2-RUN HOME RUN (Flyball, 8RXD), Distance : 436 ft
|
Batting: LHB Nelson Sanders
|
0-0: Ball 1-0: Foul Ball, location: 2F 1-1: Ball 2-1: Called Strike 2-2: Strikes out swinging
|
Batting: RHB Toshitsugu Sakamoto
|
0-0: Ball 1-0: Foul Ball, location: 2F 1-1: Swinging Strike 1-2: Ball 2-2: Strikes out swinging
|
Top of the 3rd over - 2 run(s), 2 hit(s), 0 error(s), 0 left on base; Port Royal 2 - Royse City 2 |
BOTTOM OF THE 3RD |
Royse City Targaryens batting - Pitching for Port Royal Disaster : RHP Joe Dow
|
Batting: RHB Johnny Foster
|
0-0: Called Strike 0-1: Swinging Strike 0-2: Ball 1-2: Foul Ball, location: 2F 1-2: DOUBLE (Line Drive, 78M)
|
Batting: SHB Cedric Fields
|
0-0: Fly out, F7 (Flyball, 7M)
|
Batting: LHB Steve Riggs
|
0-0: Ball 1-0: Swinging Strike 1-1: Called Strike 1-2: Foul Ball, location: 2F 1-2: Foul Ball, location: 2F 1-2: Ball 2-2: Foul Ball, location: 2F 2-2: Foul Ball, location: 2F 2-2: 2-RUN HOME RUN (Flyball, 8RXD), Distance : 427 ft
|
Batting: RHB Bob Sargent
|
0-0: Foul Ball, location: 2F 0-1: Ground out 6-3 (Groundball, 6)
|
Batting: LHB Andrés Ibarra
|
0-0: Swinging Strike 0-1: Foul Ball, location: 2F 0-2: Ball 1-2: Strikes out looking
|
Bottom of the 3rd over - 2 run(s), 2 hit(s), 0 error(s), 0 left on base; Port Royal 2 - Royse City 4 |
TOP OF THE 4TH |
Port Royal Disaster batting - Pitching for Royse City Targaryens : LHP Zander Fry
|
Batting: RHB Michael Riley
|
0-0: Called Strike 0-1: Foul Ball, location: 2F 0-2: SOLO HOME RUN (Flyball, 7D), Distance : 372 ft
|
Batting: RHB Mike Green
|
0-0: Ground out 5-3 (Groundball, 56)
|
Batting: RHB Clement Fields
|
0-0: Called Strike 0-1: Ball 1-1: Swinging Strike 1-2: SINGLE (Line Drive, 7S)
|
Batting: SHB Tim Moss
|
0-0: Ball 1-0: Ball 2-0: Ball 3-0: Called Strike 3-1: Base on Balls Clement Fields to second
|
Batting: RHB Wayne Rose
|
0-0: Called Strike 0-1: Ball 1-1: Ball 2-1: Ball 3-1: Foul Ball, location: 2F 3-2: Base on Balls Clement Fields to third Tim Moss to second
|
Batting: RHB Brian Olivares
|
0-0: Ball 1-0: Called Strike 1-1: Foul Ball, location: 2F 1-2: Strikes out swinging
|
Batting: LHB Chris Whiteside
|
0-0: Fly out, F7 (Flyball, 7M)
|
Top of the 4th over - 1 run(s), 2 hit(s), 0 error(s), 3 left on base; Port Royal 3 - Royse City 4 |
BOTTOM OF THE 4TH |
Royse City Targaryens batting - Pitching for Port Royal Disaster : RHP Joe Dow
|
Batting: RHB Andrew Weeks
|
0-0: Ball 1-0: Ball 2-0: Ball 3-0: Called Strike 3-1: Called Strike 3-2: Base on Balls
|
Batting: RHB Thomas Vaughan
|
0-0: Called Strike 0-1: Swinging Strike 0-2: Ball 1-2: SINGLE (Line Drive, 89S) Andrew Weeks to second
|
Batting: RHB Jonathan Widdop
|
0-0: Ball 1-0: Called Strike 1-1: Swinging Strike 1-2: Strikes out swinging
|
Batting: LHB John Cossey
|
0-0: Ball 1-0: Ball 2-0: Called Strike 2-1: Ball 3-1: Base on Balls Andrew Weeks to third Thomas Vaughan to second
|
Batting: RHB Johnny Foster
|
0-0: SINGLE (Line Drive, 8RS) Andrew Weeks scores Thomas Vaughan to third John Cossey to second
|
Batting: SHB Cedric Fields
|
0-0: Foul Ball, location: 2F 0-1: Ball 1-1: SINGLE (Line Drive, 4M) Thomas Vaughan scores John Cossey to third Johnny Foster to second Runner from 3rd tries for Home, SAFE, no throw or cutoff
|
Pitching: RHP Santiago Hernández
|
|
Batting: LHB Steve Riggs
|
0-0: Ball 1-0: Ball 2-0: Called Strike 2-1: Ball 3-1: Fly out, F6 (Popup, 6M)
|
Batting: RHB Bob Sargent
|
0-0: Ball 1-0: Fly out, F7 (Flyball, 7D)
|
Bottom of the 4th over - 3 run(s), 3 hit(s), 0 error(s), 2 left on base; Port Royal 3 - Royse City 7 |
TOP OF THE 5TH |
Port Royal Disaster batting - Pitching for Royse City Targaryens : LHP Zander Fry
|
Batting: LHB Nelson Sanders
|
0-0: Called Strike 0-1: Ball 1-1: Ball 2-1: Foul Ball, location: 2F 2-2: Ball 3-2: SINGLE (Groundball, 56D)
|
Batting: RHB Toshitsugu Sakamoto
|
0-0: SINGLE (Line Drive, 56D) Nelson Sanders to second
|
Batting: RHB Michael Riley
|
0-0: Ball 1-0: Fielders Choice at 2nd, 5-4 (Groundball, 56) Nelson Sanders to third
|
Batting: RHB Mike Green
|
0-0: Called Strike 0-1: Ball 1-1: Foul Ball, location: 2F 1-2: Ball 2-2: Fly out, F3 (Popup, 3DF)
|
Batting: RHB Clement Fields
|
0-0: Ball 1-0: Called Strike 1-1: Called Strike 1-2: Strikes out looking
|
Top of the 5th over - 0 run(s), 2 hit(s), 0 error(s), 2 left on base; Port Royal 3 - Royse City 7 |
BOTTOM OF THE 5TH |
Royse City Targaryens batting - Pitching for Port Royal Disaster : RHP Santiago Hernández
|
Now at 3B: Stu Shaw
|
|
Batting: LHB Andrés Ibarra
|
0-0: Called Strike 0-1: Foul Ball, location: 2F 0-2: Foul Ball, location: 2F 0-2: Ground out 4-3 (Groundball, 4S)
|
Batting: RHB Andrew Weeks
|
0-0: Foul Ball, location: 2F 0-1: Ball 1-1: Ball 2-1: Ball 3-1: Swinging Strike 3-2: Foul Ball, location: 2F 3-2: Fly out, F9 (Flyball, 9M)
|
Batting: RHB Thomas Vaughan
|
0-0: Ball 1-0: Ball 2-0: Ball 3-0: Called Strike 3-1: Foul Ball, location: 2F 3-2: Base on Balls
|
Batting: RHB Jonathan Widdop
|
0-0: Foul Ball, location: 2F 0-1: SINGLE (Line Drive, 4MD) Thomas Vaughan to second
|
Batting: LHB John Cossey
|
0-0: Ball 1-0: Called Strike Single, Error in OF, E8, batter to second base Thomas Vaughan scores Jonathan Widdop to third
|
Batting: RHB Johnny Foster
|
0-0: Ball 1-0: Ball 2-0: Called Strike 2-1: Foul Ball, location: 2F 2-2: Foul Ball, location: 2F 2-2: Foul Ball, location: 2F 2-2: Ball 3-2: Fly out, F7 (Flyball, 7LM)
|
Bottom of the 5th over - 1 run(s), 2 hit(s), 1 error(s), 2 left on base; Port Royal 3 - Royse City 8 |
TOP OF THE 6TH |
Port Royal Disaster batting - Pitching for Royse City Targaryens : LHP Zander Fry
|
Pitching: LHP Dan Boyle
|
|
Batting: SHB Tim Moss
|
0-0: Called Strike 0-1: Swinging Strike 0-2: Ball 1-2: Strikes out swinging
|
Batting: RHB Wayne Rose
|
0-0: Swinging Strike 0-1: Fly out, F4 (Popup, 9S)
|
Batting: RHB Brian Olivares
|
0-0: Ball 1-0: Foul Ball, location: 2F 1-1: Ball 2-1: Foul Ball, location: 2F 2-2: Ball 3-2: Base on Balls
|
Batting: LHB Chris Whiteside
|
0-0: Ball 1-0: Swinging Strike 1-1: Called Strike 1-2: Foul Ball, location: 2F 1-2: Strikes out swinging
|
Top of the 6th over - 0 run(s), 0 hit(s), 0 error(s), 1 left on base; Port Royal 3 - Royse City 8 |
BOTTOM OF THE 6TH |
Royse City Targaryens batting - Pitching for Port Royal Disaster : RHP Santiago Hernández
|
Batting: SHB Cedric Fields
|
0-0: Called Strike 0-1: Ball 1-1: Ball 2-1: Swinging Strike 2-2: DOUBLE (Line Drive, 89M)
|
Batting: LHB Steve Riggs
|
0-0: Called Strike 0-1: Ball 1-1: Ball 2-1: Ball 3-1: Base on Balls
|
Batting: RHB Bob Sargent
|
0-0: Ball 1-0: Ball 2-0: Ball 3-0: Called Strike 3-1: Called Strike 3-2: DOUBLE (Flyball, 78XD) Cedric Fields scores Steve Riggs to third
|
Batting: LHB Andrés Ibarra
|
0-0: Called Strike 0-1: Called Strike 0-2: Foul Ball, location: 2F 0-2: Ball 1-2: Fly out, F7 (Flyball, 7S)
|
Pitching: RHP Tony Vargas
|
|
Batting: RHB Andrew Weeks
|
0-0: Swinging Strike 0-1: Called Strike 0-2: Foul Ball, location: 2F 0-2: Ball 1-2: Foul Ball, location: 2F 1-2: Ball 2-2: Foul Ball, location: 2F 2-2: Ball 3-2: Base on Balls
|
Batting: RHB Thomas Vaughan
|
0-0: Called Strike 0-1: Ball 1-1: Called Strike 1-2: Foul Ball, location: 2F 1-2: Foul Ball, location: 2F 1-2: Foul Ball, location: 2F 1-2: Ball 2-2: Foul Ball, location: 2F 2-2: Ball 3-2: Foul Ball, location: 2F 3-2: Foul Ball, location: 2F 3-2: Foul Ball, location: 2F 3-2: Foul Ball, location: 2F 3-2: Base on Balls Steve Riggs scores Bob Sargent to third Andrew Weeks to second
|
Batting: RHB Jonathan Widdop
|
0-0: Called Strike 0-1: Ball 1-1: Ball 2-1: Foul Ball, location: 2F 2-2: Foul Ball, location: 2F 2-2: Ball 3-2: Base on Balls Bob Sargent scores Andrew Weeks to third Thomas Vaughan to second
|
Batting: LHB John Cossey
|
0-0: Called Strike 0-1: Foul Ball, location: 2F 0-2: Ball 1-2: Ball 2-2: Foul Ball, location: 2F 2-2: Ball 3-2: SINGLE (Groundball, 6MD) (infield hit) Andrew Weeks scores Thomas Vaughan to third Jonathan Widdop to second
|
Batting: RHB Johnny Foster
|
0-0: Ball 1-0: Fly out, F7 (Flyball, 7M)
|
Batting: SHB Cedric Fields
|
0-0: Fly out, F8 (Flyball, 8LM)
|
Bottom of the 6th over - 4 run(s), 3 hit(s), 0 error(s), 3 left on base; Port Royal 3 - Royse City 12 |
TOP OF THE 7TH |
Port Royal Disaster batting - Pitching for Royse City Targaryens : LHP Dan Boyle
|
Batting: LHB Nelson Sanders
|
0-0: Ball 1-0: Ball 2-0: Foul Ball, location: 2F 2-1: Foul Ball, location: 2F 2-2: Ball 3-2: Strikes out looking
|
Batting: RHB Toshitsugu Sakamoto
|
0-0: Called Strike 0-1: Ball 1-1: Called Strike 1-2: Foul Ball, location: 2F 1-2: Strikes out swinging
|
Batting: RHB Michael Riley
|
0-0: Ball 1-0: Ground out 5-3 (Groundball, 5S)
|
Top of the 7th over - 0 run(s), 0 hit(s), 0 error(s), 0 left on base; Port Royal 3 - Royse City 12 |
BOTTOM OF THE 7TH |
Royse City Targaryens batting - Pitching for Port Royal Disaster : RHP Tony Vargas
|
Pitching: RHP Chad Porter
|
|
Batting: LHB Steve Riggs
|
0-0: Called Strike 0-1: Swinging Strike 0-2: Strikes out looking
|
Batting: RHB Bob Sargent
|
0-0: Ball 1-0: Swinging Strike 1-1: SINGLE (Line Drive, 7LS)
|
Batting: LHB Andrés Ibarra
|
0-0: Fly out, F4 (Line Drive, 4M)
|
Batting: RHB Andrew Weeks
|
0-0: Called Strike 0-1: Ball 1-1: Fly out, F8 (Line Drive, 8LS)
|
Bottom of the 7th over - 0 run(s), 1 hit(s), 0 error(s), 1 left on base; Port Royal 3 - Royse City 12 |
TOP OF THE 8TH |
Port Royal Disaster batting - Pitching for Royse City Targaryens : LHP Dan Boyle
|
Now at 3B: Charles Jordan
|
|
Now in RF: Markus Richardson
|
|
Batting: RHB Mike Green
|
0-0: Ball 1-0: Ball 2-0: Ball 3-0: Base on Balls
|
Batting: RHB Stu Shaw
|
0-0: Ball 1-0: Called Strike 1-1: Ball 2-1: Ball 3-1: Foul Ball, location: 2F 3-2: Grounds into double play, 5-4-3 (Groundball, 56)
|
Batting: SHB Tim Moss
|
0-0: Ball 1-0: DOUBLE (Line Drive, 9LS)
|
Batting: RHB Wayne Rose
|
0-0: Swinging Strike 0-1: Foul Ball, location: 2F 0-2: Ball 1-2: Strikes out looking
|
Top of the 8th over - 0 run(s), 1 hit(s), 0 error(s), 1 left on base; Port Royal 3 - Royse City 12 |
BOTTOM OF THE 8TH |
Royse City Targaryens batting - Pitching for Port Royal Disaster : RHP Chad Porter
|
Batting: RHB Thomas Vaughan
|
0-0: Ball 1-0: Ground out 1-3 (Groundball, 23)
|
Batting: RHB Jonathan Widdop
|
0-0: Called Strike 0-1: Ball 1-1: Ball 2-1: Swinging Strike 2-2: Foul Ball, location: 2F 2-2: Ball 3-2: Base on Balls
|
Batting: LHB John Cossey
|
0-0: Called Strike Jonathan Widdop steals 2nd base 0-1: Ball 1-1: Foul Ball, location: 2F 1-2: Ground out 4-3 (Groundball, 34) Jonathan Widdop to third
|
Batting: RHB Johnny Foster
|
0-0: Ball Wild Pitch! Jonathan Widdop scores 1-0: Called Strike 1-1: Ball 2-1: SINGLE (Groundball, 56D)
|
Batting: SHB Cedric Fields
|
0-0: Foul Ball, location: 2F 0-1: Foul Ball, location: 2F 0-2: Foul Ball, location: 2F 0-2: Fly out, F9 (Flyball, 89M)
|
Bottom of the 8th over - 1 run(s), 1 hit(s), 0 error(s), 1 left on base; Port Royal 3 - Royse City 13 |
TOP OF THE 9TH |
Port Royal Disaster batting - Pitching for Royse City Targaryens : LHP Dan Boyle
|
Pitching: LHP Jim Unknown
|
|
Now at C: Bartolo Martínez
|
|
Batting: RHB Brian Olivares
|
0-0: Foul Ball, location: 2F 0-1: Ball 1-1: Foul Ball, location: 2F 1-2: Ball 2-2: Ball 3-2: Fly out, F7 (Flyball, 78XD)
|
Batting: LHB Chris Whiteside
|
0-0: Ball 1-0: Ground out 6-3 (Groundball, 6MS)
|
Pinch Hitting: LHB Keith McKnight
|
0-0: Ball 1-0: Called Strike 1-1: Fly out, F8 (Flyball, 8LM)
|
Top of the 9th over - 0 run(s), 0 hit(s), 0 error(s), 0 left on base; Port Royal 3 - Royse City 13 |
|